[Event "9th Amsterdam Science Park A 2019"]
[Site "Amsterdam"]
[Date "2019.07.13"]
[Round "8.3"]
[White "Bosboom, Manuel"]
[Black "Meshkovs, Nikita"]
[Result "0-1"]
[ECO "A00"]
[WhiteElo "2418"]
[BlackElo "2550"]
[Annotator "ChessBase"]
[PlyCount "80"]
[EventDate "2019.07.06"]
[EventType "swiss"]
[EventCountry "NED"]
[SourceTitle "playchess.com"]
[Source "ChessBase"]
[SourceQuality "1"]
[TimeControl "40/5400+30:1800+30"]

1. g3 c5 2. Bg2 Nc6 3. c4 g6 4. b3 Bg7 5. Nc3 e6 6. Bxc6 bxc6 7. Bb2 d6 8. Qc2 e5 9. O-O-O Nh6 10. f4 O-O 11. fxe5 dxe5 12. Nf3 f5 13. Na4 Re8 14. Rhf1 Qe7 15. Ba3 e4 16. Ne1 Ng4 17. Bxc5 Qc7 18. h3 Nf6 19. Rg1 Nh5 20. Bf2 Be5 21. d4 e3 22. Bxe3 Bxg3 23. Bh6 f4 24. d5 Bf5 25. Qc3 Rad8 26. Nf3 Re3 27. Qd2 cxd5 28. Nc3 d4 29. Nb5 Qc5 30. Qa5 Rde8 31. Nfxd4 Bxh3 32. Rd2 Nf6 33. Qxa7 Qxa7 34. Nxa7 Ng4 35. Rxg3 fxg3 36. Bxe3 Nxe3 37. Nf3 Bg4 38. Ng1 h5 39. c5 h4 40. Rd6 Kg7 0-1

[Event "9th Amsterdam Science Park A 2019"]
[Site "Amsterdam"]
[Date "2019.07.13"]
[Round "8.4"]
[White "Gleizerov, Evgeny"]
[Black "Zwirs, Nico"]
[Result "1-0"]
[ECO "E97"]
[WhiteElo "2498"]
[BlackElo "2380"]
[Annotator "ChessBase"]
[PlyCount "91"]
[EventDate "2019.07.06"]
[EventType "swiss"]
[EventCountry "NED"]
[SourceTitle "playchess.com"]
[Source "ChessBase"]
[SourceQuality "1"]
[TimeControl "40/5400+30:1800+30"]

1. d4 Nf6 2. c4 g6 3. Nc3 Bg7 4. e4 d6 5. Nf3 O-O 6. Be2 e5 7. O-O Nc6 8. d5 Ne7 9. Nd2 c5 10. dxc6 bxc6 11. Nb3 a5 12. a4 Rb8 13. Ra3 Be6 14. f4 Qb6+ 15. Kh1 Rfd8 16. fxe5 dxe5 17. Qe1 Nd7 18. Nd1 Qa6 19. Nxa5 Ra8 20. Bd2 Nc5 21. Nf2 f5 22. Bb4 Qb6 23. Bxc5 Qxc5 24. Nb7 Qb6 25. Nxd8 Rxd8 26. b4 Bh6 27. a5 Qa7 28. Rd3 Ra8 29. Qc3 Qc7 30. Ra1 Bf7 31. b5 cxb5 32. cxb5 Qxc3 33. Rxc3 Bd2 34. Rc7 Nc8 35. Rd1 Bg5 36. b6 Rb8 37. Rdd7 Be6 38. Bc4 Bxc4 39. Rxc4 Ne7 40. b7 Kf7 41. a6 Be3 42. Rcc7 Bxf2 43. Rxe7+ Kf6 44. Rc8 fxe4 45. Rxb8 e3 46. Rxe5 1-0

[Event "9th Amsterdam Science Park A 2019"]
[Site "Amsterdam"]
[Date "2019.07.13"]
[Round "8.5"]
[White "Keuning, Selwin"]
[Black "De Rover, Yong Hoon"]
[Result "0-1"]
[ECO "B08"]
[WhiteElo "2078"]
[BlackElo "2391"]
[Annotator "NA"]
[PlyCount "50"]
[EventDate "2019.07.06"]
[EventType "swiss"]
[EventCountry "NED"]
[SourceTitle "playchess.com"]
[Source "ChessBase"]
[SourceQuality "1"]
[TimeControl "40/5400+30:1800+30"]

1. e4 d6 2. d4 Nf6 3. Nc3 g6 4. Nf3 Bg7 5. Be2 O-O 6. O-O c6 7. a4 Qc7 8. Be3 e5 9. dxe5 dxe5 10. Bc4 Nh5 11. a5 Nf4 12. Nd2 Qe7 13. Re1 Nd7 14. g3 Ne6 15. Ne2 Rd8 16. c3 h5 17. Qb3 Ndc5 18. Qa3 Bf8 19. b4 Nd3 20. Red1 Qf6 21. f3 Nef4 22. Nc1 Bh6 23. Nxd3 Nh3+ 24. Kg2 Bxe3 25. Nf1 Ng5 0-1

[Event "9th Amsterdam Science Park A 2019"]
[Site "Amsterdam"]
[Date "2019.07.13"]
[Round "8.6"]
[White "De Groote, Ewoud"]
[Black "Dimitrijeski, Kristian"]
[Result "0-1"]
[ECO "D02"]
[WhiteElo "2225"]
[BlackElo "2186"]
[Annotator "NA"]
[PlyCount "140"]
[EventDate "2019.07.06"]
[EventType "swiss"]
[EventCountry "NED"]
[SourceTitle "playchess.com"]
[Source "ChessBase"]
[SourceQuality "1"]
[TimeControl "40/5400+30:1800+30"]

1. d4 d5 2. Nf3 Nf6 3. c4 c6 4. Qc2 dxc4 5. e4 b5 6. b3 cxb3 7. axb3 g6 8. Bd2 Bg7 9. Ba5 Qd7 10. Nbd2 O-O 11. Rd1 Qe8 12. h3 Bb7 13. Bd3 Nbd7 14. e5 Nd5 15. O-O Rc8 16. Rfe1 c5 17. Bxb5 cxd4 18. Nc4 Nc7 19. Ba4 Bxf3 20. Rxd4 Nd5 21. gxf3 e6 22. Qd2 Qe7 23. Bb4 Qxb4 24. Qxb4 Nxb4 25. Rxd7 a6 26. Re4 Rc5 27. f4 Nd5 28. Ne3 Nc3 29. Rb4 a5 30. Rc4 Ne2+ 31. Kf1 Rxc4 32. Nxc4 Nxf4 33. Nxa5 Bxe5 34. Nc6 Bf6 35. b4 Ra8 36. Ra7 Rxa7 37. Nxa7 Nd5 38. b5 Nb6 39. Bb3 Kf8 40. Nc6 Ke8 41. Nb4 Kd7 42. Nd3 Nd5 43. Bc4 Kc7 44. Kg2 Kb6 45. Kh1 Nc7 46. Nf4 Nxb5 47. Nxe6 fxe6 48. Bxe6 Nd4 49. Bg8 h6 50. Bf7 g5 51. h4 gxh4 52. Bd5 Kc5 53. Ba8 Kc4 54. Be4 Kc3 55. Kg2 Kd2 56. Bb7 Bg5 57. Ba6 Ne6 58. Bc8 Nf4+ 59. Kg1 Ke1 60. Bf5 Bf6 61. Bd7 Bd4 62. Bc6 Bxf2+ 63. Kh2 Bg3+ 64. Kh1 Kf2 65. Bg2 Ng6 66. Bc6 Ne5 67. Bb5 Bf4 68. Ba6 Kg3 69. Be2 h3 70. Bb5 Ng4 0-1

[Event "9th Amsterdam Science Park A 2019"]
[Site "Amsterdam"]
[Date "2019.07.13"]
[Round "8.7"]
[White "Wunnink, Michael"]
[Black "Baarslag, Ed"]
[Result "1-0"]
[ECO "E04"]
[WhiteElo "2214"]
[BlackElo "2220"]
[Annotator "NA"]
[PlyCount "39"]
[EventDate "2019.07.06"]
[EventType "swiss"]
[EventCountry "NED"]
[SourceTitle "playchess.com"]
[Source "ChessBase"]
[SourceQuality "1"]
[TimeControl "40/5400+30:1800+30"]

1. d4 d5 2. c4 e6 3. Nf3 Nf6 4. g3 dxc4 5. Bg2 Bd7 6. Ne5 Bc6 7. Nxc6 Nxc6 8. O-O Nxd4 9. Bxb7 Rb8 10. Bg2 Qd7 11. e3 Nf5 12. Qc2 Qb5 13. Nd2 Bc5 14. b4 Be7 15. a4 Qa6 16. b5 Qc8 17. Nxc4 Nd7 18. Na5 O-O 19. Nc6 a5 20. Qxf5 1-0

[Event "9th Amsterdam Science Park A 2019"]
[Site "Amsterdam"]
[Date "2019.07.13"]
[Round "8.8"]
[White "Vereggen, Lars"]
[Black "De Jong, Tom"]
[Result "1-0"]
[ECO "E81"]
[WhiteElo "2370"]
[BlackElo "2176"]
[Annotator "NA"]
[PlyCount "69"]
[EventDate "2019.07.06"]
[EventType "swiss"]
[EventCountry "NED"]
[SourceTitle "playchess.com"]
[Source "ChessBase"]
[SourceQuality "1"]
[TimeControl "40/5400+30:1800+30"]

1. c4 Nf6 2. Nc3 g6 3. e4 d6 4. d4 Bg7 5. f3 O-O 6. Be3 Nbd7 7. Nge2 c5 8. Qd2 a6 9. dxc5 dxc5 10. Nf4 Qa5 11. Be2 e6 12. O-O Ne5 13. Rad1 Nc6 14. Nd3 Nd7 15. f4 b5 16. e5 Nd4 17. Nxc5 Nxe2+ 18. Qxe2 b4 19. N3e4 Nxc5 20. Nxc5 Re8 21. b3 Qc7 22. Qd2 a5 23. Qd6 Qxd6 24. exd6 Rd8 25. d7 Ba6 26. Rd6 Bf8 27. Rxa6 Bxc5 28. Bxc5 Rxa6 29. Rd1 Raa8 30. Be7 f5 31. c5 Kf7 32. Bxd8 Rxd8 33. c6 Ke7 34. c7 Rxd7 35. Rc1 1-0

[Event "9th Amsterdam Science Park A 2019"]
[Site "Amsterdam"]
[Date "2019.07.13"]
[Round "8.9"]
[White "Mesman, Edwyn"]
[Black "Belous, Mikhail"]
[Result "0-1"]
[ECO "E73"]
[WhiteElo "2204"]
[BlackElo "2289"]
[Annotator "NA"]
[PlyCount "70"]
[EventDate "2019.07.06"]
[EventType "swiss"]
[EventCountry "NED"]
[SourceTitle "playchess.com"]
[Source "ChessBase"]
[SourceQuality "1"]
[TimeControl "40/5400+30:1800+30"]

1. d4 Nf6 2. c4 g6 3. Nc3 Bg7 4. e4 d6 5. Be2 O-O 6. Be3 e5 7. d5 Na6 8. g4 Nc5 9. f3 h5 10. g5 Nh7 11. h4 f6 12. b4 Na6 13. Qa4 fxg5 14. hxg5 Nxg5 15. O-O-O Nb8 16. c5 a5 17. Kb1 Kh7 18. Rc1 Bh6 19. Bf2 Nd7 20. cxd6 cxd6 21. Rc2 Nf6 22. bxa5 Nfxe4 23. Nxe4 Nxe4 24. Bh4 Ng5 25. Bd3 Rf4 26. Be4 Bf5 27. Bxg5 Bxg5 28. Nh3 Bxe4 29. fxe4 Rf7 30. Qa3 Bh6 31. Rg1 Qxa5 32. Qxd6 Qb5+ 33. Rb2 Rf1+ 34. Rxf1 Qxf1+ 35. Kc2 Rc8+ 0-1

[Event "9th Amsterdam Science Park A 2019"]
[Site "Amsterdam"]
[Date "2019.07.13"]
[Round "8.10"]
[White "Goes, Sten"]
[Black "Elgersma, Onno"]
[Result "0-1"]
[ECO "B12"]
[WhiteElo "2183"]
[BlackElo "2232"]
[Annotator "NA"]
[PlyCount "73"]
[EventDate "2019.07.06"]
[EventType "swiss"]
[EventCountry "NED"]
[SourceTitle "playchess.com"]
[Source "ChessBase"]
[SourceQuality "1"]
[TimeControl "40/5400+30:1800+30"]

1. e4 c6 2. d4 d5 3. e5 Bf5 4. h4 h5 5. c4 e6 6. Nc3 Ne7 7. Nge2 Nd7 8. Ng3 Bg6 9. cxd5 cxd5 10. Bg5 Qb6 11. Bb5 Nc6 12. O-O Rc8 13. Rc1 a6 14. Bxc6 Rxc6 15. Nce2 f6 16. Rxc6 bxc6 17. Nf4 Bf7 18. Ngxh5 fxg5 19. hxg5 g6 20. g4 gxh5 21. gxh5 Rg8 22. Nh3 Bh6 23. f4 Nxe5 24. Kh1 Nc4 25. Re1 Nd6 26. g6 Ne4 27. Qg4 Qxd4 28. f5 exf5 29. Qxf5 Rf8 30. Qc8+ Ke7 31. Qc7+ Ke6 32. Qxc6+ Kf5 33. Rf1+ Kg4 34. Qd7+ Kg3 35. Qf5 Be6 36. Rf3+ Kh4 37. Kg2 0-1

[Event "9th Amsterdam Science Park A 2019"]
[Site "Amsterdam"]
[Date "2019.07.13"]
[Round "8.11"]
[White "Van Baar, Esper"]
[Black "Smirnova, Ekaterina"]
[Result "1/2-1/2"]
[ECO "C07"]
[WhiteElo "2108"]
[BlackElo "2184"]
[Annotator "NA"]
[PlyCount "122"]
[EventDate "2019.07.06"]
[EventType "swiss"]
[EventCountry "NED"]
[SourceTitle "playchess.com"]
[Source "ChessBase"]
[SourceQuality "1"]
[TimeControl "40/5400+30:1800+30"]

1. e4 e6 2. d4 d5 3. Nd2 c5 4. exd5 Qxd5 5. Ngf3 cxd4 6. Bc4 Qd6 7. O-O Nf6 8. Nb3 Nc6 9. Nbxd4 Nxd4 10. Nxd4 a6 11. Re1 Qc7 12. Bb3 Bd7 13. c3 Bd6 14. h3 O-O-O 15. Qf3 Qc5 16. Be3 Qe5 17. g3 Qh5 18. Qxh5 Nxh5 19. Rad1 Bc7 20. Nf3 Nf6 21. Ng5 Be8 22. Bd4 h6 23. Bxe6+ fxe6 24. Nxe6 Bd7 25. Nxd8 Bxd8 26. Kh2 Rf8 27. Bc5 Rf7 28. Rd2 Bc6 29. Rde2 Rd7 30. c4 a5 31. b3 h5 32. a3 Rd3 33. b4 axb4 34. axb4 Rc3 35. b5 Rxc4 36. bxc6 Rxc5 37. cxb7+ Kxb7 38. Re5 Rc2 39. Kg2 Bb6 40. R1e2 Rxe2 41. Rxe2 Bc5 42. Re5 Kc6 43. Kf3 Bf8 44. Ke2 Kd7 45. f4 Be7 46. Kf3 Ke8 47. Ra5 Kf7 48. Ke3 g6 49. Kd4 Nd7 50. Rb5 Nf6 51. Rb7 Ke6 52. Rb5 Kf7 53. Ke5 Nd7+ 54. Kd5 Nf6+ 55. Kd4 Ke6 56. Rb6+ Kf7 57. Rc6 Nd7 58. g4 hxg4 59. hxg4 Nf6 60. g5 Nh5 61. Ke5 Ng7 1/2-1/2

[Event "9th Amsterdam Science Park A 2019"]
[Site "Amsterdam"]
[Date "2019.07.13"]
[Round "8.12"]
[White "Tirelli, Mauro"]
[Black "Bogaard, Milo"]
[Result "1/2-1/2"]
[ECO "B24"]
[WhiteElo "2247"]
[BlackElo "2100"]
[Annotator "NA"]
[PlyCount "80"]
[EventDate "2019.07.06"]
[EventType "swiss"]
[EventCountry "NED"]
[SourceTitle "playchess.com"]
[Source "ChessBase"]
[SourceQuality "1"]
[TimeControl "40/5400+30:1800+30"]

1. e4 c5 2. Nc3 Nc6 3. Nf3 e5 4. Bc4 g6 5. h4 h6 6. h5 g5 7. d3 d6 8. Nh2 Bg7 9. Nf1 Nge7 10. Ne3 O-O 11. a3 Kh8 12. b4 b6 13. Rb1 f5 14. bxc5 bxc5 15. Bd2 f4 16. Ned5 Nxd5 17. Nxd5 a6 18. c3 Bd7 19. Rb6 Ne7 20. Rxd6 Nxd5 21. Bxd5 Qc7 22. Bxa8 Qxd6 23. Bd5 a5 24. a4 Rb8 25. Qc2 Bxa4 26. Qa2 Be8 27. Ke2 a4 28. f3 Bd7 29. Rb1 Rb6 30. Kd1 Be8 31. Kc2 Rxb1 32. Kxb1 Qa6 33. Bc4 Bb5 34. Bxb5 Qxb5+ 35. Kc2 Qe8 36. Qd5 Qxh5 37. Qxc5 Qh1 38. Qc8+ Kh7 39. Qf5+ Kh8 40. Qc8+ Kh7 1/2-1/2

[Event "9th Amsterdam Science Park A 2019"]
[Site "Amsterdam"]
[Date "2019.07.14"]
[Round "9.1"]
[White "Van der Lende, Ilias"]
[Black "Ten Hertog, Hugo"]
[Result "1-0"]
[ECO "B06"]
[WhiteElo "2350"]
[BlackElo "2484"]
[Annotator "ChessBase"]
[PlyCount "83"]
[EventDate "2019.07.06"]
[EventType "swiss"]
[EventCountry "NED"]
[SourceTitle "playchess.com"]
[Source "ChessBase"]
[SourceQuality "1"]
[TimeControl "40/5400+30:1800+30"]

1. d4 g6 2. e4 Bg7 3. Nc3 a6 4. Be3 b5 5. a4 b4 6. Na2 a5 7. Bd3 Nf6 8. Ne2 O-O 9. f3 d5 10. e5 Nfd7 11. f4 f6 12. c3 fxe5 13. fxe5 bxc3 14. bxc3 Nb6 15. Nf4 Nc4 16. Bxc4 dxc4 17. Qe2 Rxf4 18. Bxf4 Be6 19. h4 h5 20. Qe4 Ra6 21. Qxg6 Bf7 22. Qg3 Nd7 23. O-O Rg6 24. Bg5 Nf8 25. Qf3 Be8 26. Nc1 Nh7 27. Ne2 Nxg5 28. hxg5 Rxg5 29. Nf4 Qd7 30. Qd5+ Kh7 31. Qxa5 Bh6 32. Qa8 Qc6 33. Qxc6 Bxc6 34. Ra2 Rf5 35. Raf2 h4 36. a5 Bb7 37. Kh2 Rg5 38. Rb2 Be4 39. a6 Rg3 40. a7 Rxc3 41. Ra2 Ba8 42. Ne6 1-0

[Event "9th Amsterdam Science Park A 2019"]
[Site "Amsterdam"]
[Date "2019.07.14"]
[Round "9.2"]
[White "De Rover, Yong Hoon"]
[Black "Ulybin, Mikhail"]
[Result "1/2-1/2"]
[ECO "C11"]
[WhiteElo "2391"]
[BlackElo "2469"]
[Annotator "ChessBase"]
[PlyCount "105"]
[EventDate "2019.07.06"]
[EventType "swiss"]
[EventCountry "NED"]
[SourceTitle "playchess.com"]
[Source "ChessBase"]
[SourceQuality "1"]
[TimeControl "40/5400+30:1800+30"]

1. e4 e6 2. d4 d5 3. Nc3 Nf6 4. e5 Nfd7 5. f4 c5 6. Nf3 Be7 7. Be3 b6 8. Qd2 O-O 9. Be2 Nc6 10. h4 f6 11. dxc5 Nxc5 12. Bb5 Bb7 13. O-O-O Rc8 14. Kb1 fxe5 15. Bxc6 Bxc6 16. Nxe5 b5 17. h5 b4 18. Bxc5 bxc3 19. Bxe7 Qxe7 20. Qd4 Be8 21. Rd3 cxb2 22. h6 Bg6 23. Nxg6 hxg6 24. Rg3 Qf6 25. Qxa7 Rf7 26. Qa6 Rfc7 27. hxg7 Kxg7 28. Rgh3 Qf5 29. Qd3 Qxd3 30. cxd3 Rc2 31. g4 Kf6 32. R3h2 Rxh2 33. Rxh2 Rc1+ 34. Kxb2 Rf1 35. Rh8 Ke7 36. Rh7+ Kd6 37. Rf7 Rf2+ 38. Kb3 Rd2 39. Kc3 Rxa2 40. Rf6 Ra4 41. d4 Ra3+ 42. Kd2 Ra2+ 43. Ke3 Ra3+ 44. Kf2 Ke7 45. Rxg6 Kf7 46. Rh6 Rd3 47. g5 Rxd4 48. Kg3 Rd1 49. Rh7+ Kg6 50. Rh6+ Kf7 51. Rh7+ Kg6 52. Rh6+ Kf7 53. Rh7+ 1/2-1/2

[Event "9th Amsterdam Science Park A 2019"]
[Site "Amsterdam"]
[Date "2019.07.14"]
[Round "9.3"]
[White "Meshkovs, Nikita"]
[Black "Gleizerov, Evgeny"]
[Result "0-1"]
[ECO "A00"]
[WhiteElo "2550"]
[BlackElo "2498"]
[Annotator "ChessBase"]
[PlyCount "84"]
[EventDate "2019.07.06"]
[EventType "swiss"]
[EventCountry "NED"]
[SourceTitle "playchess.com"]
[Source "ChessBase"]
[SourceQuality "1"]
[TimeControl "40/5400+30:1800+30"]

1. g3 d5 2. Bg2 g6 3. c4 d4 4. d3 Bg7 5. Nf3 e5 6. b4 Ne7 7. Nbd2 O-O 8. O-O a5 9. b5 c5 10. bxc6 Nexc6 11. Rb1 Na6 12. Ne1 Qe7 13. Nc2 Ncb4 14. a3 Nc6 15. Rb5 Nc7 16. Rb3 Rd8 17. Re1 Na6 18. Rb5 Nc7 19. Rb6 Na6 20. Nb3 a4 21. Nd2 Bf8 22. Ne4 Qc7 23. Rb5 Be7 24. Bh6 Na7 25. Rb2 Rb8 26. e3 b5 27. exd4 bxc4 28. Rxb8 Nxb8 29. dxe5 cxd3 30. Nb4 Nac6 31. Nf6+ Bxf6 32. Nxc6 Nxc6 33. exf6 Be6 34. Qc1 Rc8 35. Qc3 Qa5 36. Rc1 Qxc3 37. Rxc3 Ne5 38. Rxc8+ Bxc8 39. Kf1 Nc4 40. Ke1 Nxa3 41. Kd1 Nc2 42. Bf4 a3 0-1

[Event "9th Amsterdam Science Park A 2019"]
[Site "Amsterdam"]
[Date "2019.07.14"]
[Round "9.4"]
[White "Dimitrijeski, Kristian"]
[Black "Wunnink, Michael"]
[Result "1/2-1/2"]
[ECO "E32"]
[WhiteElo "2186"]
[BlackElo "2214"]
[Annotator "ChessBase"]
[PlyCount "42"]
[EventDate "2019.07.06"]
[EventType "swiss"]
[EventCountry "NED"]
[SourceTitle "playchess.com"]
[Source "ChessBase"]
[SourceQuality "1"]
[TimeControl "40/5400+30:1800+30"]

1. d4 Nf6 2. c4 e6 3. Nc3 Bb4 4. Qc2 O-O 5. Nf3 d5 6. cxd5 exd5 7. Bg5 h6 8. Bh4 c5 9. e3 cxd4 10. Nxd4 Nc6 11. Rd1 Bg4 12. Be2 Nxd4 13. Rxd4 Bxc3+ 14. bxc3 Bxe2 15. Bxf6 Qxf6 16. Qxe2 Rac8 17. Qd3 Rc5 18. O-O Qc6 19. Rc1 Rc8 20. g3 b5 21. Qf5 Qe6 1/2-1/2

[Event "9th Amsterdam Science Park A 2019"]
[Site "Amsterdam"]
[Date "2019.07.14"]
[Round "9.5"]
[White "Arnaudov, G. Petar"]
[Black "Vereggen, Lars"]
[Result "1/2-1/2"]
[ECO "D96"]
[WhiteElo "2478"]
[BlackElo "2370"]
[Annotator "ChessBase"]
[PlyCount "234"]
[EventDate "2019.07.06"]
[EventType "swiss"]
[EventCountry "NED"]
[SourceTitle "playchess.com"]
[Source "ChessBase"]
[SourceQuality "1"]
[TimeControl "40/5400+30:1800+30"]

1. Nf3 d5 2. d4 Nf6 3. c4 c6 4. Nc3 g6 5. cxd5 cxd5 6. Bf4 Bg7 7. h3 O-O 8. e3 Nc6 9. Bd3 Qb6 10. a3 Bf5 11. Na4 Qd8 12. Bxf5 gxf5 13. O-O b6 14. b4 Ne4 15. Qb3 e6 16. Rac1 Qd7 17. Rc2 Rfc8 18. Rfc1 f6 19. Nc3 Ne7 20. Nxe4 dxe4 21. Rc7 Rxc7 22. Rxc7 Qd5 23. Qa4 Ng6 24. Nd2 Nxf4 25. exf4 Qxd4 26. Nf1 Bf8 27. Rd7 Qc3 28. Rxa7 Rxa7 29. Qxa7 Qd4 30. Ne3 Qa1+ 31. Kh2 Bd6 32. g3 Qa2 33. Kg2 Bxb4 34. Qxb6 Bxa3 35. Qa6 Qb3 36. Nc4 Qf3+ 37. Kg1 Qd1+ 38. Kh2 Qf1 39. Qxe6+ Kg7 40. Qd7+ Kg6 41. Qxf5+ Kxf5 42. Ne3+ Ke6 43. Nxf1 h5 44. g4 hxg4 45. hxg4 Bd6 46. Kg3 Bc7 47. Ne3 Bb8 48. Nf5 Bc7 49. Ng7+ Kf7 50. Nf5 Ke6 51. Nh4 Kf7 52. f3 exf3 53. Kxf3 Ke6 54. Ke4 Ba5 55. Nf5 Bc3 56. Ne3 Ba1 57. Kd3 Kf7 58. Kc4 Ke6 59. Nd1 Kd6 60. Nf2 Bb2 61. Nd3 Ba1 62. Ne1 Bb2 63. Ng2 Bc1 64. Kd4 Ke6 65. Ke4 Bb2 66. Ne3 Ba1 67. Kd3 Bb2 68. f5+ Kf7 69. Nc4 Ba1 70. Ke3 Kg7 71. Nd2 Kf7 72. Ke4 Bc3 73. Nf1 Kg7 74. Kd3 Be5 75. Nd2 Kf7 76. Kc4 Ke7 77. Kd5 Bf4 78. Ne4 Be3 79. Kc6 Bd4 80. Nd6 Be5 81. Nc8+ Kd8 82. Nb6 Ke7 83. Nd5+ Ke8 84. Nb4 Bc3 85. Nd3 Ke7 86. Nf4 Ba1 87. Nd5+ Kf7 88. Kd7 Bb2 89. Nb6 Kg7 90. Nc4 Ba1 91. Nd6 Kf8 92. Ke6 Bb2 93. Ne4 Kg7 94. Kd6 Kf7 95. Kd7 Ba1 96. Nd6+ Kg7 97. Ke7 Kh6 98. Ne4 Kg7 99. Nc5 Bb2 100. Nd3 Ba1 101. Nf2 Bb2 102. Ke6 Ba1 103. Nh3 Bb2 104. Nf4 Kh6 105. Nh3 Kg7 106. Nf4 Kh6 107. Nd3 Ba1 108. Nb4 Kg7 109. Nd3 Kh6 110. Kf7 Kg5 111. Nc5 Kf4 112. Kg6 Kxg4 113. Nd7 Kh4 114. Nxf6 Bb2 115. Ne4 Kg4 116. Nf2+ Kf3 117. f6 Bxf6 1/2-1/2

[Event "9th Amsterdam Science Park A 2019"]
[Site "Amsterdam"]
[Date "2019.07.14"]
[Round "9.6"]
[White "Belous, Mikhail"]
[Black "Bosboom, Manuel"]
[Result "1/2-1/2"]
[ECO "A53"]
[WhiteElo "2289"]
[BlackElo "2418"]
[Annotator "NA"]
[PlyCount "85"]
[EventDate "2019.07.06"]
[EventType "swiss"]
[EventCountry "NED"]
[SourceTitle "playchess.com"]
[Source "ChessBase"]
[SourceQuality "1"]
[TimeControl "40/5400+30:1800+30"]

1. d4 Nf6 2. c4 d6 3. Nc3 Nbd7 4. e4 e5 5. Nge2 c6 6. d5 h5 7. h3 Nc5 8. Qc2 a5 9. Be3 a4 10. Bxc5 dxc5 11. Nxa4 b5 12. Nac3 b4 13. Nd1 cxd5 14. cxd5 $16 ({Reject} 14. exd5 g6 $14) 14... c4 15. Qxc4 Bd7 16. Nc1 Rc8 17. Qd3 Bc5 18. Be2 Rh6 19. O-O Ng4 20. Nb3 Bb6 21. Nd2 Qg5 22. Kh1 Rg6 23. g3 h4 24. Nf3 Nxf2+ 25. Nxf2 Qxg3 26. Rg1 Qxf2 27. Rxg6 fxg6 28. Nxe5 Be3 29. Ng4 Bxg4 30. Bxg4 Bf4 31. Qe2 Qxe2 32. Bxe2 Rc2 33. Bg4 Be5 34. Rd1 Ke7 35. d6+ Bxd6 36. Rd5 Rh2+ 37. Kg1 Rxb2 38. e5 Bb8 39. Rb5 Ba7+ 40. Kf1 Bd4 41. Rb7+ Ke8 42. Rb8+ Ke7 43. Rb7+ 1/2-1/2

[Event "9th Amsterdam Science Park A 2019"]
[Site "Amsterdam"]
[Date "2019.07.14"]
[Round "9.7"]
[White "Elgersma, Onno"]
[Black "Zwirs, Nico"]
[Result "0-1"]
[ECO "B32"]
[WhiteElo "2232"]
[BlackElo "2380"]
[Annotator "NA"]
[PlyCount "92"]
[EventDate "2019.07.06"]
[EventType "swiss"]
[EventCountry "NED"]
[SourceTitle "playchess.com"]
[Source "ChessBase"]
[SourceQuality "1"]
[TimeControl "40/5400+30:1800+30"]

1. e4 c5 2. Nf3 Nc6 3. d4 cxd4 4. Nxd4 Qb6 5. Nb3 Nf6 6. Nc3 e6 7. Be3 Qc7 8. Bd3 Bb4 9. f4 d6 10. Qd2 Ne7 11. Bd4 e5 12. Bg1 d5 13. exd5 Nfxd5 14. Bb5+ Bd7 15. Bxd7+ Qxd7 16. O-O-O Qc7 17. fxe5 Nxc3 18. bxc3 Bxc3 19. Qd6 Bxe5 20. Qxc7 Bxc7 21. Bd4 f6 22. Rhe1 b6 23. Bb2 Rd8 24. Rxd8+ Bxd8 25. Nd4 Kf7 26. Ba3 Re8 27. Nb5 Nc8 28. Rd1 a6 29. Nc3 Be7 30. Bxe7 Rxe7 31. Rd8 Re8 32. Rd7+ Re7 33. Rd8 Rc7 34. Nd5 Rc5 35. Nb4 a5 36. Nd3 Rc7 37. Rh8 h6 38. Nf4 Ne7 39. Rb8 g5 40. Nh5 Nc8 41. g4 Ke6 42. Ng3 Kd7 43. Ra8 Rc4 44. Nf5 Rxg4 45. Nxh6 Rg1+ 46. Kb2 Kc7 0-1

[Event "9th Amsterdam Science Park A 2019"]
[Site "Amsterdam"]
[Date "2019.07.14"]
[Round "9.8"]
[White "Van der Poel, Henk"]
[Black "De Jong, Tom"]
[Result "1-0"]
[ECO "B12"]
[WhiteElo "2233"]
[BlackElo "2176"]
[Annotator "NA"]
[PlyCount "69"]
[EventDate "2019.07.06"]
[EventType "swiss"]
[EventCountry "NED"]
[SourceTitle "playchess.com"]
[Source "ChessBase"]
[SourceQuality "1"]
[TimeControl "40/5400+30:1800+30"]

1. e4 c6 2. d4 d5 3. e5 c5 4. dxc5 e6 5. a3 Nc6 6. Nf3 Bxc5 7. Bd3 Nge7 8. b4 Bb6 9. O-O Ng6 10. Bb2 Nf4 11. c4 O-O 12. c5 Bc7 13. Re1 f6 14. exf6 e5 15. b5 e4 16. Bf1 Bg4 17. Nbd2 Rxf6 18. Nxe4 dxe4 19. Qxd8+ Nxd8 20. Bxf6 exf3 21. Bc4+ Nde6 22. gxf3 Bf5 23. Be5 Kf8 24. Rad1 Ba5 25. Bd6+ Kf7 26. Bxf4 Bxe1 27. Rxe1 Rc8 28. Bd6 Kf6 29. Bxe6 Bxe6 30. f4 g6 31. f3 a6 32. c6 b6 33. bxa6 Bd5 34. a7 Bxc6 35. Rc1 1-0

[Event "9th Amsterdam Science Park A 2019"]
[Site "Amsterdam"]
[Date "2019.07.14"]
[Round "9.9"]
[White "Bekedam, Tyro"]
[Black "De Groote, Ewoud"]
[Result "1-0"]
[ECO "C77"]
[WhiteElo "2142"]
[BlackElo "2225"]
[Annotator "NA"]
[PlyCount "125"]
[EventDate "2019.07.06"]
[EventType "swiss"]
[EventCountry "NED"]
[SourceTitle "playchess.com"]
[Source "ChessBase"]
[SourceQuality "1"]
[TimeControl "40/5400+30:1800+30"]

1. e4 e5 2. Nf3 Nc6 3. Bb5 a6 4. Ba4 Nf6 5. d3 d6 6. c3 g6 7. O-O Bg7 8. Re1 O-O 9. Nbd2 Nd7 10. Nf1 Nb6 11. Bb3 Kh8 12. a4 a5 13. Ng3 Qe7 14. d4 Bg4 15. d5 Nd8 16. Bc2 f6 17. b3 Nf7 18. h3 Bd7 19. Be3 Bh6 20. Bxb6 cxb6 21. Nd2 Rfc8 22. Nc4 Qd8 23. Bd3 b5 24. axb5 Bxb5 25. Na3 Bd7 26. c4 Qb6 27. Qf3 Kg7 28. h4 Rc7 29. Ne2 a4 30. bxa4 Rxa4 31. Nc3 Ra5 32. Nab5 Rc8 33. Rxa5 Qxa5 34. Qe2 Ra8 35. Rb1 Qd8 36. g3 Qc8 37. Qc2 f5 38. Na4 fxe4 39. Bxe4 Ra6 40. c5 Bf5 41. Rb4 Kf6 42. Rc4 Bf8 43. Bxf5 gxf5 44. c6 bxc6 45. Rxc6 Qb7 46. Nc7 Ra7 47. Nb6 Be7 48. Ne8+ Kg6 49. h5+ Kg5 50. f4+ exf4 51. gxf4+ Kg4 52. Ng7 Nh6 53. Qg2+ Kh4 54. Qf2+ Kg4 55. Rc3 Qxb6 56. Qxb6 Ra1+ 57. Kf2 Bh4+ 58. Ke2 Bf6 59. Rc7 Ra2+ 60. Kd1 Ra1+ 61. Rc1 Rxc1+ 62. Kxc1 Bxg7 63. Qg1+ 1-0

[Event "9th Amsterdam Science Park A 2019"]
[Site "Amsterdam"]
[Date "2019.07.14"]
[Round "9.10"]
[White "Baarslag, Ed"]
[Black "Van Baar, Esper"]
[Result "0-1"]
[ECO "E73"]
[WhiteElo "2220"]
[BlackElo "2108"]
[Annotator "NA"]
[PlyCount "80"]
[EventDate "2019.07.06"]
[EventType "swiss"]
[EventCountry "NED"]
[SourceTitle "playchess.com"]
[Source "ChessBase"]
[SourceQuality "1"]
[TimeControl "40/5400+30:1800+30"]

1. d4 Nf6 2. c4 g6 3. Nc3 Bg7 4. e4 d6 5. Be2 O-O 6. Bg5 h6 7. Be3 e5 8. d5 Na6 9. Qd2 Kh7 10. f3 Nh5 11. Bd1 f5 12. Nge2 f4 13. Bf2 Bf6 14. Bc2 Bh4 15. g3 fxg3 16. hxg3 Bg5 17. f4 exf4 18. Rxh5 fxg3 19. Be3 g2 20. O-O-O gxh5 21. e5+ Bf5 22. Ne4 Bxe3 23. Qxe3 dxe5 24. d6 c6 25. d7 Qe7 26. Rd6 Qg7 27. N4g3 Bxc2 28. Kxc2 Qg5 29. Qe4+ Kg7 30. Qxg2 Kh8 31. Qh3 Rad8 32. Ne4 Qg4 33. Qe3 Rf4 34. Nxf4 Qxf4 35. Qe2 Qg4 36. Rxh6+ Kg7 37. Rh7+ Kg6 38. Qe3 Qg2+ 39. Kb3 Kxh7 40. Nf6+ Kg6 0-1